 Dungeon Crawl Stone Soup version 0.26.1-10-gdfb7c7de75 (webtiles) character file.

Game seed: 10345786880085384747

128 tardwrangler69 the Skirmisher (level 4, -3/41 HPs)
             Began as a Minotaur Fighter on Apr 4, 2021.
             Was a Follower of Uskayaw.
             Slain by an iguana (14 damage)
             ... on level 4 of the Dungeon.
             The game lasted 00:02:06 (2669 turns).

tardwrangler69 the Skirmisher (Minotaur Fighter)    Turns: 2669, Time: 00:02:07

Health: -3/41      AC:  6    Str: 21    XL:     4   Next: 87%
Magic:  3/3        EV:  7    Int:  5    God:    Uskayaw [*.....]
Gold:   161        SH:  9    Dex: 10    Spells: 3/3 levels left

rFire    x . .     SeeInvis .   v - +0 dagger (curse)
rCold    + . .     Faith    .   c - +0 kite shield
rNeg     . . .     Spirit   .   b - +0 scale mail
rPois    .         Reflect  .   (helmet restricted)
rElec    .         Harm     +   q - scarf {harm}
rCorr    .         Rampage  .   (no gloves)
Will     .....                  (no boots)
Stlth    ..........             (no amulet)
HPRegen  0.13/turn              j - ring of ice
MPRegen  0.08/turn              (no ring)

@: no status effects
A: retaliatory headbutt, horns 2
a: Renounce Religion, Stomp


You were on level 4 of the Dungeon.
You worshipped Uskayaw.
Uskayaw was noncommittal.
You visited 1 branch of the dungeon, and saw 4 of its levels.

You collected 161 gold pieces.

Inventory:

Hand Weapons
 a - a +0 rapier
 v - a cursed +0 dagger (weapon)
Armour
 b - a +0 scale mail (worn)
 c - a +0 kite shield (worn)
 q - a scarf of harm (worn)
Jewellery
 j - a ring of ice (left hand)
Scrolls
 e - a scroll of remove curse {unknown}
 f - 3 scrolls of teleportation {unknown}
 g - 2 scrolls of fear {unknown}
 h - a scroll of immolation {unknown}
 i - 5 scrolls of identify {unknown}
 l - 2 scrolls of amnesia {unknown}
 n - a scroll of enchant armour {unknown}
 r - a scroll of enchant weapon {unknown}
 s - 2 scrolls of blinking {unknown}
 u - a scroll of fog {unknown}
Potions
 d - a potion of might
 k - a potion of haste {unknown}
 m - a potion of attraction {unknown}
 o - a potion of mutation {unknown}
 p - 2 potions of berserk rage {unknown}
 t - 3 potions of curing {unknown}


   Skills:
 + Level 4.8 Fighting
 * Level 4.6 Short Blades
 - Level 3.6 Armour
 - Level 4.0 Shields


You had 3 spell levels left.
You didn't know any spells.
Your spell library was empty.

Dungeon Overview and Level Annotations

Branches:
Dungeon (4/15)
 Temple: D:4-7

Altars:
Okawaru
Uskayaw


Innate Abilities, Weirdness & Mutations

You reflexively headbutt those who attack you in melee.
You have a pair of horns on your head.


Message History

The iguana bites you but does no damage.
You hit the iguana.
The iguana is lightly wounded.
The iguana bites you but does no damage.
You barely miss the iguana.
The iguana is lightly wounded.
The iguana bites you.
You hit the iguana but do no damage.
The iguana is lightly wounded.
You hit the iguana.
The iguana is lightly wounded.
The iguana bites you!
You hit the iguana.
The iguana is moderately wounded.
The iguana bites you!
* * * LOW HITPOINT WARNING * * *
You are too injured to fight recklessly!
There is a stone staircase leading up here.
The iguana bites you!
You die...

. # . # . .# #.
###. .#
...###..##.##
...........##..
#...........
#.l@.......
##.........
##.......#
..#....##
.####.## .. ..#
.# ... #. #.


You could see an iguana.

Vanquished Creatures
  A gnoll (D:2)
  3 adders
  3 oozes
  An adder skeleton (D:3)
  3 worms
  A dart slug (D:3)
  A leopard gecko (D:2)
  5 orcs (D:3)
  3 giant cockroaches
  10 goblins
  5 hobgoblins
  9 bats
  5 frilled lizards
  10 kobolds
  4 rats
64 creatures vanquished.

Vanquished Creatures (others)
  2 plants (D:2)
2 creatures vanquished.

Grand Total: 66 creatures vanquished

Notes
Turn   | Place    | Note
-------+----------+-------------------------------------------
     0 | D:1      | tardwrangler69 the Minotaur Fighter began the quest for the
                  | Orb.
     0 | D:1      | Reached XP level 1. HP: 19/19 MP: 0/0
   371 | D:1      | Reached XP level 2. HP: 27/27 MP: 1/1
   779 | D:2      | Reached XP level 3. HP: 31/33 MP: 2/2
   976 | D:2      | Found an iron altar of Okawaru.
  1213 | D:2      | Reached XP level 4. HP: 34/41 MP: 3/3
  1398 | D:3      | Found a hide-covered altar of Uskayaw.
  1400 | D:3      | Noticed a +0 dagger
  1400 | D:3      | Noticed a +0 dagger
  2147 | D:3      | Found a faded altar of an unknown god.
  2314 | D:3      | Became a worshipper of Uskayaw the Reveller
  2431 | D:3      | Reached * piety under Uskayaw
  2669 | D:4      | Slain by an iguana

Illustrated notes

Levels and vault maps discovered:
D:1:      lightli_arrival_noodles, layout_loops_cross, minmay_split_cup_small
D:2:      layout_rooms, okawaru_altar_gauntlet_db, serial_forest,
          infiniplex_forest_pool, infiniplex_forest_straight_4,
          infiniplex_forest_straight_4, infiniplex_forest_end_2,
          infiniplex_forest_clump_small, infiniplex_forest_straight_4
D:3:      layout_basic, dancing_weapons_uskayaw,
          chequers_ecumenical_altar_twisty, kennysheep_small_spiral
D:4:      layout_layer_cave, serial_shops, kennysheep_mini_moat,
          gup_ossuary_entry_pyramid

Skill      XL: |  1  2  3  4 |
---------------+-------------+-----
Fighting       | 4 |  4.8
Short Blades   | 3 4 |  4.6
Shields        | 4 |  4.0
Armour         | |  3.6

Action                   |  1- 3 |  4- 6 || total
-------------------------+-------+-------++-------
Melee: Rapier            |    99 |    14 ||   113
       Headbutt          |     9 |    14 ||    23
       Dagger            |       |    64 ||    64
Armor: Scale mail        |    45 |    27 ||    72
Dodge: Dodged            |    42 |     9 ||    51
Block: Kite shield       |    44 |    23 ||    67
